Map: Cerulean Fall LE

Players

Prree

  • Race: Terran Terran
  • League: Diamond
  • Spawn Location: 7:00

blitzkrieg - Winner!

  • Race: Protoss Protoss
  • League: Diamond
  • Spawn Location: 1:00

VOD

Have the link to the VOD?

Description

Time

  • Played on: Sept. 1, 2018, 9:02 a.m.
  • Length: 22:04
Show
View Real Time Build Order
Export as new Build Order

Prree Terran 

Build Orders: Command Center First (CC), MMM Bio 

Get SALT Encoding   

  12  0:00  SCV  
  13  0:13  SCV  
  14  0:17  Supply Depot  
  14  0:25  SCV  
  15  0:39  SCV  
  16  0:51  SCV  
  17  1:03  SCV  
  18  1:05  Command Center  
  18  1:15  SCV  
  19  1:20  Barracks  
  19  1:27  SCV  
  19  1:29  Refinery  
  20  1:39  SCV  
  21  1:50  Engineering Bay  
  21  1:51  SCV, Refinery  
  22  2:07  Orbital Command  
  22  2:09  Marine  
  22  2:14  Bunker  
  23  2:24  SCV  
  23  2:27  Marine  
  25  2:34  SCV  
  26  2:37  Planetary Fortress  
  26  2:44  Marine  
  26  2:46  SCV  
  28  2:57  Factory  
  28  2:58  SCV  
  29  3:02  Marine  
  30  3:08  Supply Depot  
  30  3:10  SCV  
  31  3:17  SCV  
  32  3:22  SCV, Barracks Tech Lab  
  33  3:30  SCV  
  34  3:34  SCV  
  35  3:42  SCV  
  35  3:45  Command Center, Factory Tech Lab  
  35  3:46  SCV  
  37  3:49  Combat Shields  
  37  3:54  SCV  
  38  3:58  SCV  
  38  3:59  Supply Depot  
  39  4:04  Siege Tank  
  39  4:06  SCV  
  39  4:09  Hi-Sec Auto Tracking  
  43  4:14  SCV  
  44  4:18  Refinery  
  44  4:19  Missile Turret, Refinery  
  44  4:22  SCV, Missile Turret  
  45  4:24  Marine  
  46  4:34  SCV  
  46  4:35  SCV  
  46  4:36  Siege Tank  
  51  4:42  Marine  
  52  4:48  Missile Turret  
  52  4:53  SCV, Missile Turret x2  
  52  4:54  SCV  
  52  4:55  Missile Turret  
  54  5:00  Marine  
  55  5:10  Siege Tank  
  58  5:19  SCV x2, Missile Turret  
  60  5:25  Marine  
  60  5:26  Stimpack  
  61  5:31  SCV x2  
  61  5:33  Starport  
  61  5:34  Supply Depot  
  63  5:36  Planetary Fortress  
  63  5:41  Bunker  
  63  5:43  SCV x2  
  65  5:55  SCV  
  65  5:56  SCV  
  67  5:57  Missile Turret  
  67  6:02  Marine  
  68  6:08  SCV x2  
  68  6:09  Barracks  
  68  6:11  Starport Reactor  
  70  6:15  Barracks  
  70  6:16  Terran Infantry Weapons Level 1  
  70  6:18  SCV, Missile Turret  
  71  6:20  SCV x2  
  71  6:21  Engineering Bay  
  73  6:29  Marine, Supply Depot  
  73  6:30  SCV, Supply Depot  
  73  6:32  SCV  
  76  6:33  SCV  
  76  6:38  Missile Turret  
  76  6:39  Missile Turret  
  77  6:47  Supply Depot  
  77  6:51  SCV x3, Siege Tank  
  77  6:52  Terran Infantry Armor Level 1  
  83  6:55  Armory  
  83  6:56  Marine  
  83  6:58  Barracks Reactor  
  84  7:03  Barracks Reactor, Barracks  
  84  7:08  Barracks  
  84  7:09  SCV x2  
  84  7:10  SCV  
  84  7:14  Medivac x2  
  91  7:20  Marine  
  92  7:30  Command Center  
  92  7:34  Siege Tank  
  92  7:35  Marine x2  
  97  7:37  Concussive Shells  
  97  7:39  Marine x2  
  97  7:40  Marine  
  100  7:44  SCV  
  100  7:48  Terran Vehicle Weapons Level 1  
  101  7:52  Barracks  
  101  7:54  Supply Depot  
  101  7:56  Supply Depot  
  101  7:57  Barracks  
  101  7:58  SCV x2, Medivac x2  
  101  8:01  Marine x2  
  101  8:02  Supply Depot  
  101  8:03  Barracks Reactor x2, Supply Depot  
  109  8:09  Barracks  
  109  8:11  Terran Infantry Weapons Level 2  
  109  8:15  Marine  
  110  8:20  Supply Depot  
  110  8:21  Marine x2  
  110  8:22  Marine x2  
  110  8:23  Supply Depot  
  114  8:31  Medivac x2  
  118  8:35  Siege Tank  
  121  8:42  Marine  
  121  8:43  Marine x2  
  121  8:44  Barracks Tech Lab  
  121  8:46  Barracks Tech Lab  
  121  8:47  Marine x2  
  121  8:48  Command Center  
  126  9:00  Marine  
  126  9:01  Marine x2, Marauder  
  131  9:04  Missile Turret  
  131  9:05  Marine x2  
  131  9:06  Marauder  
  135  9:14  Marine  
  135  9:15  Marine x2  
  138  9:18  Planetary Fortress  
  138  9:21  Terran Infantry Armor Level 2  
  138  9:23  Marine x5  
  138  9:24  Marauder  
  145  9:25  Missile Turret, Medivac  
  145  9:28  Medivac  
  149  9:39  Marine x4  
  149  9:40  Marine, Marauder x2  
  158  9:47  Missile Turret  
  158  9:48  Terran Vehicle Weapons Level 2  
  158  9:49  Marine  
  158  9:50  Marauder  
  161  9:59  Marine, Refinery  
  161  10:00  Marine x3  
  161  10:01  Marauder x2  
  169  10:11  Marauder  
  171  10:14  Supply Depot  
  171  10:15  Supply Depot  
  171  10:16  Supply Depot  
  171  10:17  Marine x3  
  171  10:18  Marine  
  171  10:19  Supply Depot  
  175  10:22  Marauder  
  175  10:23  Marauder  
  179  10:30  Siege Tank  
  179  10:31  Marine x3  
  179  10:33  Marauder  
  179  10:34  Barracks Tech Lab  
  187  10:39  Medivac x2  
  191  10:44  Marauder x2  
  194  10:54  Marauder  
  196  11:01  Planetary Fortress  
  196  11:02  Marine x2  
  196  11:03  Marauder  
  200  11:16  Command Center  
  200  11:18  Missile Turret  
  200  11:19  Missile Turret  
  200  11:20  Missile Turret x2  
  200  11:38  Command Center  
  200  11:42  Command Center  
  200  11:49  Terran Infantry Weapons Level 3, Terran Infantry Armor Level 3  
  200  12:02  Marine  
  200  12:03  Marine x3, Marauder x3  
  190  12:16  Marine x4  
  190  12:17  Marauder  
  190  12:20  Marine x2  
  193  12:24  Marauder  
  193  12:25  Marauder x2  
  199  12:41  Marine  
  194  13:01  Marine x2  
  194  13:02  Marauder x2  
  189  13:18  Marine x7, Marauder x2  
  189  13:19  Marine  
  196  13:23  Marauder x2  
  184  13:40  Marauder x2  
  165  13:57  Marine  
  165  13:58  Marine x6, Marauder x2  
  165  13:59  Marine  
  165  14:00  Siege Tank  
  165  14:01  Planetary Fortress, Marauder x2  
  171  14:15  Marine x2  
  171  14:16  Marine  
  170  14:20  Marauder x2  
  170  14:23  Marauder x2  
  178  14:25  Marine x3  
  178  14:26  Medivac x2  
  178  14:29  Building Armor  
  178  14:30  Neosteel Frame  
  185  14:32  Terran Vehicle Weapons Level 3  
  185  14:36  Marine x2  
  185  14:37  Marine x3  
  184  14:41  Marauder x2  
  184  14:42  Marine  
  184  14:44  Marauder x2  
  184  14:45  Planetary Fortress x2  
  182  14:49  Marine x2  
  182  14:51  Refinery  
  181  14:54  Marine  
  181  14:56  Marine x2  
  181  14:57  Marine x2  
  183  15:02  Marauder  
  183  15:03  Marauder  
  183  15:05  Marauder x2  
  183  15:06  Marine  
  183  15:07  Marine x2  
  190  15:12  Marine  
  173  15:14  Marine x2  
  173  15:15  Marine x2  
  175  15:24  Marauder x2  
  175  15:25  Marine x3  
  175  15:27  Marauder x2  
  181  15:30  Marine  
  182  15:36  Marine x2  
  182  15:37  Marine  
  182  15:38  Marine  
  182  15:39  Siege Tank  
  189  15:42  Marine  
  189  15:45  Marauder x2  
  189  15:47  Command Center  
  189  15:48  Marauder x2  
  189  15:49  Command Center  
  196  16:07  Marine x6, Marauder x2  
  196  16:08  Marine  
  196  16:09  Marauder  
  196  16:10  Marauder  
  181  16:14  Marine  
  151  16:24  Siege Tank  
  151  16:25  Marine x5  
  155  16:28  Marauder x2  
  155  16:31  Marauder  
  154  16:42  Marine x5, Marauder  
  154  16:43  Marine x3  
  119  16:49  Marauder  
  119  16:50  Marauder  
  119  16:52  Marauder  
  115  17:00  Marine x2  
  114  17:04  Marauder  
  114  17:06  Marine x3  
  112  17:11  Marauder x2  
  116  17:17  Planetary Fortress  
  116  17:23  Marine x3  
  116  17:28  Marine  
  120  17:32  Marine  
  104  17:50  Marine x2  
  104  17:51  Marauder x3  
  107  17:53  Terran Vehicle And Ship Armor Level 1  
  107  17:54  Marine  
  108  18:03  Marine x2  
  108  18:05  Siege Tank  
  113  18:08  Orbital Command  
  113  18:14  Refinery x2  
  113  18:18  Marine x4  
  113  18:19  Marauder  
  119  18:20  Marine  
  119  18:26  Marine x2, Missile Turret  
  121  18:46  Marine x3, Marauder  
  121  18:47  Marine x3, Marauder x3  
  131  18:57  Marine x2  
  133  19:03  Marine  
  133  19:04  Marine  
  133  19:08  Marine x3, Marauder x3  
  133  19:09  Marine  
  142  19:24  Marine x2  
  142  19:25  Marine x2, Marauder  
  142  19:29  Marauder  
  142  19:30  Marauder  
  143  19:42  Marine x5, Marauder  
  141  19:47  Marauder  
  141  19:50  Marine x3  
  141  19:51  Marauder x2  
  147  20:02  Marine x2  
  147  20:03  Marine x3  
  147  20:04  Marauder  
  154  20:08  Marauder  
  154  20:10  Marine x2  
  154  20:12  Marauder  
  154  20:13  Marine x2  
  160  20:28  Marine x4  
  158  20:29  Marauder x2  
  158  20:31  Marauder  
  166  20:39  Marine x3, Marauder  
  153  20:43  Medivac  
  153  20:46  Medivac  
  157  20:50  Marauder  
  159  21:03  Marine  
  159  21:04  Marine x4, Marauder  
  160  21:05  Marauder x2  
  170  21:11  Orbital Command  
  170  21:13  Marine  
  122  21:27  Marine x3  
  122  21:28  Marine, Marauder x2  
  122  21:30  Marine  
  122  21:31  Marine  
Show
View Real Time Build Order
Export as new Build Order

blitzkrieg Protoss - Winner!

Build Orders: 1 Gate Expand, Double Forge, Blink Stalkers 

Get SALT Encoding   

  12  0:01  Probe  
  13  0:13  Probe  
  14  0:19  Pylon  
  14  0:25  Probe  
  15  0:33  Probe  
  15  0:40  Gateway  
  15  0:41  Probe  
  17  0:51  Assimilator  
  17  0:52  Probe  
  18  1:04  Probe  
  19  1:24  Nexus  
  19  1:28  Probe  
  20  1:36  Cybernetics Core  
  20  1:40  Probe  
  20  1:46  Assimilator  
  21  1:52  Probe  
  22  1:55  Pylon  
  22  2:03  Stalker  
  22  2:06  Probe  
  23  2:15  Warp Gate  
  25  2:17  Probe  
  26  2:25  Probe  
  27  2:33  Probe  
  27  2:40  Twilight Council  
  27  2:42  Stalker  
  27  2:44  Probe  
  31  2:45  Probe  
  31  2:47  Blink  
  32  2:56  Probe  
  32  2:57  Probe  
  34  3:08  Probe  
  34  3:09  Probe  
  36  3:20  Probe  
  36  3:22  Gateway  
  36  3:23  Gateway  
  36  3:24  Probe  
  38  3:32  Probe  
  38  3:33  Pylon  
  39  3:36  Probe  
  40  3:44  Probe  
  41  3:48  Probe  
  41  3:54  Robotics Facility  
  42  3:56  Probe  
  42  4:00  Probe  
  44  4:05  Assimilator  
  44  4:08  Probe  
  45  4:13  Probe  
  46  4:18  Pylon  
  46  4:20  Probe  
  46  4:21  Stalker  
  46  4:22  Stalker  
  46  4:23  Stalker  
  53  4:25  Probe  
  54  4:34  Observer  
  54  4:36  Probe  
  54  4:37  Probe  
  56  4:44  Nexus  
  57  4:52  Observer, Forge  
  57  4:54  Forge  
  57  4:55  Probe  
  57  4:56  Charge  
  57  4:57  Pylon, Probe  
  60  5:04  Pylon  
  60  5:07  Probe  
  60  5:13  Gateway, Observer  
  60  5:14  Gateway  
  62  5:16  Gateway  
  62  5:23  Gateway  
  62  5:25  Gateway  
  62  5:36  Probe x2  
  64  5:48  Probe  
  64  5:49  Probe  
  66  5:57  Protoss Ground Weapons Level 1, Protoss Ground Armor Level 1  
  66  6:00  Probe  
  66  6:01  Probe x2  
  69  6:12  Probe  
  69  6:13  Probe x2  
  69  6:14  Photon Cannon  
  72  6:23  Photon Cannon  
  72  6:24  Probe  
  72  6:25  Probe  
  74  6:26  Pylon  
  74  6:33  Probe  
  74  6:36  Assimilator, Probe  
  74  6:37  Probe  
  77  6:45  Probe  
  77  6:47  Immortal  
  82  6:49  Assimilator  
  82  6:51  Observer  
  82  6:53  Probe  
  83  6:57  Probe  
  83  6:58  Photon Cannon  
  84  7:05  Templar Archives  
  84  7:06  Nexus  
  84  7:08  Zealot x4  
  88  7:09  Zealot x3  
  98  7:27  Probe  
  99  7:30  Psionic Storm  
  99  7:33  Pylon  
  99  7:34  Assimilator, Pylon  
  99  7:38  Pylon, Protoss Ground Weapons Level 2, Robotics Facility, Protoss Ground Armor Level 2  
  99  7:40  Robotics Bay  
  99  7:47  Probe  
  99  7:48  Probe  
  99  7:51  Immortal, Probe  
  106  7:59  Probe  
  106  8:05  Photon Cannon  
  107  8:06  Probe x2  
  107  8:08  Photon Cannon  
  107  8:12  Probe  
  110  8:13  Photon Cannon  
  110  8:14  Assimilator  
  110  8:18  Assimilator, Probe x2  
  112  8:24  Probe  
  112  8:25  Gateway x2  
  113  8:28  Pylon, Colossus x2  
  113  8:30  Probe x2  
  113  8:31  Probe  
  116  8:35  Extended Thermal Lance  
  116  8:37  Dark Shrine  
  128  8:50  Probe x2  
  130  8:57  Photon Cannon  
  130  9:04  Photon Cannon  
  130  9:12  Gateway  
  130  9:14  Colossus  
  130  9:15  Gateway  
  130  9:16  Gateway, Colossus  
  130  9:17  Gateway  
  142  9:24  Zealot x3  
  148  9:36  Pylon  
  147  9:40  Pylon  
  147  9:42  Pylon, Protoss Ground Weapons Level 3  
  147  9:44  Pylon x2, Protoss Ground Armor Level 3  
  147  9:53  Observer  
  147  10:07  Zealot x3  
  149  10:08  Stalker x5  
  149  10:09  Stalker x2  
  167  10:31  Zealot  
  167  10:32  Zealot x3  
  167  10:33  Stalker x2  
  178  10:50  Pylon  
  178  10:52  Pylon  
  178  10:54  Colossus  
  184  11:02  Pylon  
  184  11:03  High Templar x2  
  188  11:19  High Templar x4  
  196  11:31  Nexus  
  195  12:13  Zealot x2  
  192  12:52  Nexus  
  192  12:56  Pylon  
  192  13:24  Zealot  
  192  13:25  Zealot x3  
  188  13:29  Probe x2  
  188  13:33  Zealot x3  
  194  13:34  Stalker  
  196  13:45  Photon Cannon  
  196  13:47  Photon Cannon  
  188  13:48  Photon Cannon  
  188  13:50  Shield Battery  
  188  13:54  Shield Battery  
  183  13:56  Zealot x2, Shield Battery  
  183  13:57  Zealot x5  
  195  14:10  Pylon  
  195  14:23  Pylon  
  189  14:46  Zealot  
  189  14:47  Zealot x4  
  185  15:02  Dark Templar x3  
  185  15:03  Dark Templar  
  185  15:04  Zealot  
  179  15:14  Probe  
  178  15:48  Pylon  
  178  15:50  Pylon  
  178  15:52  Pylon  
  178  15:53  Pylon x2  
  174  16:06  Probe  
  123  16:25  Zealot  
  123  16:26  Zealot x5  
  123  16:27  Stalker, Zealot  
  123  16:28  Stalker x4  
  123  16:29  Stalker x2  
  142  16:44  Archon x3  
  98  17:07  Zealot x4  
  98  17:08  Zealot x3  
  112  17:09  Stalker x4  
  112  17:10  Stalker  
  122  17:21  Nexus  
  122  17:22  High Templar  
  122  17:23  High Templar, Pylon  
  122  17:25  Pylon  
  122  17:29  Assimilator  
  126  17:33  Assimilator  
  104  17:57  Dark Templar x2  
  104  17:58  Dark Templar  
  108  18:16  High Templar x3  
  108  18:17  High Templar  
  112  18:28  Zealot x3, Nexus  
  112  18:29  Stalker x2, Zealot  
  112  18:30  Stalker x2  
  112  18:31  Stalker  
  130  18:53  Stalker x2, Zealot x2  
  130  18:54  Stalker x2  
  140  18:59  Assimilator  
  140  19:03  Assimilator  
  140  19:05  Pylon  
  140  19:07  Zealot  
  140  19:08  Stalker  
  140  19:09  Stalker x2  
  148  19:10  Stalker  
  149  19:27  Zealot x4  
  149  19:28  Zealot x5  
  149  19:29  Zealot  
  169  19:31  Nexus  
  167  19:49  Pylon  
  167  19:51  Pylon  
  165  20:08  Pylon  
  165  20:13  Pylon  
  165  20:21  Stalker x2  
  167  20:22  Stalker  
  170  20:50  Zealot  
  170  20:51  Zealot x2  
  170  20:52  Zealot x5  
  170  20:53  Stalker x2  
Tags
 
Add a new tag
Caveats
  • Supply blocks, unpowered buildings, or Contaminate may cause inaccurate times.
  • Supply counts are checked every 10 seconds.